 Dungeon Crawl Stone Soup version 0.29.1-13-g9f3cf754e1 (webtiles) character file.

Game seed: 9618184230702071798

29 Thatpatchoflichen the Vexing (level 3, -3/31 (32) HPs)
             Began as an Ogre Enchanter on Jan 29, 2023.
             Slain by a quokka (4 damage)
             ... on level 2 of the Dungeon.
             The game lasted 00:04:55 (1809 turns).

Thatpatchoflichen the Vexing (Ogre Enchanter)       Turns: 1809, Time: 00:04:56

HP:   -3/31 (32)    AC:  3    Str: 14    XL:     3   Next: 16%
MP:   5/7           EV: 10    Int: 27    God:
Gold: 31            SH:  0    Dex:  9    Spells: 8/8 levels left

rFire   . . .      SeeInvis .   l - +4 dagger "Morg" {pain, Will+ Int+5}
rCold   . . .      Faith    .   (no shield)
rNeg    . . .      Spirit   .   b - +0 robe
rPois   .          Reflect  .   (helmet restricted)
rElec   .          Harm     .   (no cloak)
rCorr   .          Rampage  .   (gloves unavailable)
Will    +....                   (boots unavailable)
Stlth   ++........              f - amulet of the acrobat
HPRegen 0.10/turn               k - +6 ring of intelligence
MPRegen 0.10/turn               (no ring)

@: lethally poisoned (-3 -> -7), lightly drained
A: large, unfitting armour, tough skin 1
a: no special abilities


You were on level 2 of the Dungeon.
You visited 1 branch of the dungeon, and saw 2 of its levels.

You collected 31 gold pieces.

Inventory:

Hand Weapons
 a - a +1 dagger
 h - a +2 short sword of draining
 l - the +4 dagger "Morg" (weapon) {pain, Will+ Int+5}
   (You found it on level 2 of the Dungeon)

   In the hands of one skilled in necromantic magic, it inflicts extra damage on
   living creatures.
   Int:       It affects your intelligence (+5).
   Will:      It increases your willpower.
Armour
 b - a +0 robe (worn)
Jewellery
 f - an amulet of the acrobat (around neck)
 k - a +6 ring of intelligence (left hand)
Scrolls
 e - a scroll of enchant weapon {unknown}
 i - a scroll of vulnerability {unknown}
Potions
 c - 2 potions of invisibility
 d - a potion of berserk rage {unknown}
 g - a potion of resistance {unknown}
 j - a potion of lignification {unknown}
 m - a potion of heal wounds {unknown}


   Skills:
 + Level 0.7 Fighting
 - Level 0.8 Short Blades
 + Level 2.3 Dodging
 - Level 2.1 Stealth
 + Level 3.0 Spellcasting
 + Level 3.0 Hexes


You had 8 spell levels left.
You didn't know any spells.
Your spell library contained the following spells:

 Spells                   Type           Power      Damage    Failure   Level
 Ensorcelled Hibernation  Hex/Ice        24%        N/A       7%          2
 Confusing Touch          Hex            20%        N/A       8%          3
 Tukima's Dance           Hex            20%        N/A       8%          3
 Blink                    Tloc           8%         N/A       13%         2
 Dazzling Flash           Conj/Hex       24%        N/A       14%         3
 Manifold Assault         Tloc           4%         N/A       94%         5
 Storm Form               Tmut/Air       2%         N/A       100%        7


Dungeon Overview and Level Annotations

Branches:
Dungeon (2/15)

Altars:


Innate Abilities, Weirdness & Mutations

You are too large for most types of armour.
You have tough skin. (AC +1)


Message History

You hit the adder but do no damage. The bat hits you but does no damage.
The hobgoblin hits you. The adder bites you.
You are poisoned.
The adder poisons you!
You barely miss the adder.
You feel sick. The bat hits you but does no damage. The adder bites you.
The hobgoblin hits you.
You hit the adder.
The adder is moderately wounded.
The bat hits you but does no damage. The adder bites you.
The bat barely misses you. The hobgoblin barely misses you.
You hit the adder.
The adder is severely wounded.
You feel sick.
The bat closely misses you. x2; The adder bites you.
You are lethally poisoned!
The adder poisons you! The hobgoblin closely misses you.
The bat hits you but does no damage.
You hit the adder but do no damage.
The adder is severely wounded.
* * * LOW HITPOINT WARNING * * *
You feel very sick. The bat hits you but does no damage.
The adder bites you but does no damage. The bat hits you but does no damage.
The adder closely misses you. The hobgoblin hits you.
* * * LOW HITPOINT WARNING * * *
You hit the adder.
You kill the adder!
* * * LOW HITPOINT WARNING * * *
You feel sick. The bat hits you but does no damage. x2
The hobgoblin barely misses you.
Your Spellcasting skill increases to level 3!
You have reached level 3!
Your experience leads to an increase in your attributes!
Your base attributes are Str 11, Int 16, Dex 9.
Increase (S)trength, (I)ntelligence, or (D)exterity?
You feel stronger. x3
You hit the quokka.
The quokka is moderately wounded.
* * * LOW HITPOINT WARNING * * *
You feel sick. The bat barely misses you. The quokka bites you.
You die...

#.# #. #..###? ....#.
..... #.... .
.....####.>. . . #.##...
...## .#.. #.# ..# #..#
#.r. #####.###.##
#b@##..##. ....#.#....#
#gr#......
......#.##.#####K.......
........................
......#####.#.....#.....
......# ##...#?........
......####..#.#...#.....
..................#.....
........................


You could see a quokka, a hobgoblin, a bat and a kobold.

Vanquished Creatures
  An adder (D:2)
  A dart slug (D:2)
  An endoplasm (D:1)
  A giant cockroach (D:1)
  2 hobgoblins (D:1)
  3 kobolds (D:1)
  3 ball pythons
  2 bats (D:1)
  4 frilled lizards (D:1)
  2 rats
20 creatures vanquished.

Notes
Turn   | Place    | Note
-------+----------+-------------------------------------------
     0 | D:1      | Thatpatchoflichen the Ogre Enchanter began the quest for
                  | the Orb.
     0 | D:1      | Reached XP level 1. HP: 16/16 MP: 3/3
     6 | D:1      | Noticed a black mamba
     6 | D:1      | Noticed a black bear
     7 | D:1      | Noticed a wolf
     7 | D:1      | Noticed a four-headed hydra
   355 | D:1      | Reached XP level 2. HP: 8/24 MP: 5/5
  1348 | D:1      | Found a faded altar of an unknown god.
  1712 | D:2      | Found the +4 dagger "Morg" {pain, Will+ Int+5}
  1809 | D:2      | Reached XP level 3. HP: 3/31 MP: 5/7
  1809 | D:2      | HP: 1/31 [poisoned by an adder]
  1809 | D:2      | Slain by a quokka

Illustrated notes

Levels and vault maps discovered:
D:1:      onia_arrival_zoo_common, layout_basic, ebering_ecumenical_altar_hall,
          minivault_4, chequers_serial_rivers_room_b, kennysheep_boxes
D:2:      layout_rooms, minmay_split_cup_large

Skill      XL: |  1  2 |
---------------+-------+-----
Dodging        | 2 |  2.3
Hexes          | 3 |  3.0
Spellcasting   | 3 |  3.0
Fighting       | |  0.7
Short Blades   | |  0.8
Stealth        | |  2.1

Action                   || total
-------------------------++-------
Melee: Dagger            ||    80
       Short sword       ||    13
 Stab: Sleeping          ||     2
Armor: Robe              ||    40
Dodge: Dodged            ||    73
